cohdb
Replays
Latest Replays
All Replays
Popular Replays
Top Player Replays
Match Explorer
How It Works
Community
CoH3 Stats
Reddit
Sign in to upload your games and track your stats! →
Sign in with Steam
Match 46143635
Unlisted
Match 46143635
Overview
Messages
Build Orders
End
Pioneer Squad
Selects Italian Coastal Battlegroup
Selects Coastal Reserves
Coastal Reserve
Coastal Reserve
Coastal Reserve
Medical Station
Construct Infanterie Kompanie
Construct Luftwaffe Kompanie
221 Scout Car
Jäger Squad
Flak 30 Anti-aircraft Gun Team
Selects Artillery Officer
Selects Coastal Wall
Support Elements
FeriG
Jesulin
0
0
Comments
sign in to comment!
No comments posted yet!